Map: Flashback LE

Players

Alebay

  • Race: Protoss Protoss
  • Spawn Location: 11:00

MattBarry

  • Race: Zerg Zerg
  • Spawn Location: 9:00

MattBarry

  • Race: Zerg Zerg
  • Spawn Location: 11:00

Aftermath

  • Race: Protoss Protoss
  • Spawn Location: 7:00

OPPA

  • Race: Terran Terran
  • Spawn Location: 7:00

HomelessHero

  • Race: Terran Terran
  • Spawn Location: 7:00

VOD

Have the link to the VOD?

Description

Time

  • Played on: Jan. 5, 2023, 10:51 p.m.
  • Length: 13:41
Show
View Real Time Build Order
Export as new Build Order

Alebay Protoss 

Build Orders: 1 Gate Expand, Carriers 

Get SALT Encoding   

  12  0:00  Probe  
  13  0:12  Probe  
  14  0:19  Pylon  
  14  0:24  Probe  
  15  0:37  Probe  
  15  0:42  Gateway  
  16  0:49  Probe  
  17  0:50  Assimilator  
  17  1:17  Nexus  
  17  1:22  Probe  
  18  1:32  Pylon  
  18  1:34  Probe  
  19  1:42  Cybernetics Core  
  19  1:47  Assimilator  
  19  1:51  Probe  
  20  2:03  Probe  
  21  2:15  Probe  
  22  2:21  Gateway  
  22  2:22  Warp Gate  
  22  2:24  Adept  
  24  2:33  Probe x2  
  26  2:45  Probe x2  
  26  2:46  Forge  
  28  2:57  Probe x2  
  30  3:03  Adept  
  32  3:08  Adept  
  32  3:10  Probe  
  32  3:11  Probe  
  36  3:16  Assimilator  
  36  3:23  Probe  
  36  3:26  Protoss Ground Weapons Level 1  
  37  3:27  Probe  
  37  3:28  Pylon  
  38  3:35  Probe  
  38  3:37  Adept  
  38  3:40  Probe  
  42  3:47  Probe  
  43  3:55  Twilight Council, Probe  
  44  3:59  Probe  
  45  4:13  Probe x2  
  45  4:15  Assimilator  
  47  4:22  Adept x2  
  51  4:25  Probe x2  
  51  4:29  Gateway  
  53  4:37  Probe  
  54  4:42  Pylon  
  54  4:44  Pylon  
  54  4:50  Pylon  
  54  4:52  Pylon  
  54  5:00  Probe x2  
  54  5:04  Resonating Glaives  
  56  5:15  Stalker x2  
  56  5:21  Pylon  
  60  5:27  Photon Cannon  
  60  5:28  Photon Cannon  
  60  5:31  Stalker  
  62  5:45  Stalker  
  62  5:46  Stalker  
  66  6:03  Photon Cannon  
  66  6:07  Photon Cannon  
  66  6:08  Stalker  
  66  6:09  Stalker x2  
  72  6:20  Protoss Ground Armor Level 1  
  72  6:41  Stalker x3  
  72  6:45  Blink  
  78  7:04  Zealot  
  78  7:05  Zealot x2  
  84  7:19  Pylon  
  84  7:24  Gateway  
  84  7:26  Gateway, Stalker  
  84  7:27  Stalker x2  
  90  7:39  Stargate  
  90  7:54  Pylon  
  90  7:55  Pylon  
  90  7:58  Stalker x3  
  96  8:07  Nexus  
  96  8:13  Stargate  
  96  8:17  Stargate  
  96  8:22  Stalker x4  
  104  8:42  Probe x2  
  106  8:54  Probe x2  
  98  9:04  Stalker  
  98  9:05  Stalker x4  
  98  9:06  Probe x2  
  110  9:14  Fleet Beacon  
  110  9:32  Stalker x5  
  50  10:03  Stalker x2  
  50  10:04  Stalker x3  
  64  10:16  Carrier x3  
  78  10:32  Stalker x5  
  78  10:35  Probe x3  
  91  10:47  Assimilator, Probe x2  
  91  10:48  Probe  
  94  10:51  Pylon, Assimilator  
  94  10:53  Pylon  
  94  11:06  Stalker x2  
  94  11:07  Stalker x2  
  102  11:20  Carrier x2  
  114  11:32  Pylon  
  114  11:33  Protoss Air Weapons Level 1  
  114  11:42  Carrier, Nexus  
  120  12:10  Stalker x5  
  130  12:34  Stalker x5  
  92  13:09  Stalker x3  
  92  13:10  Stalker x2  
  96  13:35  Stalker  
  96  13:36  Stalker x2  
  96  13:37  Stalker x2  
Show
View Real Time Build Order
Export as new Build Order

MattBarry Zerg 

Build Orders: Hatch First 

Get SALT Encoding   

  12  0:01  Drone  
  13  0:17  Drone  
  14  0:27  Overlord  
  14  0:46  Drone  
  14  0:48  Drone x2  
  17  0:59  Drone  
  18  1:17  Hatchery  
  17  1:19  Spawning Pool  
  17  1:23  Drone x2  
  18  1:48  Drone x2  
  20  2:08  Queen  
  22  2:22  Extractor  
  21  2:29  Queen, Drone  
  24  2:32  Drone x2  
  24  2:33  Overlord  
  26  2:38  Extractor  
  25  2:53  Drone  
  25  2:55  Drone x2  
  28  3:08  Evolution Chamber  
  27  3:22  Lair  
  27  3:29  Spore Crawler  
  26  3:44  Pneumatized Carapace  
  26  3:54  Drone  
  26  3:55  Drone  
  28  3:56  Overlord  
  28  4:02  Metabolic Boost  
  28  4:05  Drone x3  
  28  4:06  Drone x4, Overlord  
  28  4:07  Overlord  
  35  4:36  Zerg Melee Weapons Level 1, Drone  
  35  4:37  Drone x2, Overlord x2  
  35  4:38  Drone  
  39  4:48  Drone x2, Overlord  
  39  4:49  Drone x2  
  39  4:50  Queen  
  39  4:51  Queen  
  47  4:55  Extractor  
  47  4:58  Extractor  
  45  5:04  Zergling x8  
  32  5:39  Zergling x2  
  32  5:40  Zergling x12  
  39  5:56  Hatchery  
  38  6:04  Spore Crawler  
  38  6:07  Spore Crawler  
  38  6:09  Spore Crawler  
  35  6:12  Spore Crawler  
  35  6:14  Drone  
  35  6:15  Spore Crawler, Drone x2  
  36  6:40  Hydralisk Den  
  36  6:44  Baneling Nest  
  23  7:04  Drone x3  
  23  7:05  Drone x3  
  30  7:08  Drone  
  30  7:10  Queen  
  30  7:11  Queen  
  30  7:13  Grooved Spines  
  34  7:28  Zerg Missile Weapons Level 1  
  34  7:31  Drone x2  
  34  7:32  Drone x4  
  34  7:33  Evolution Chamber  
  39  7:42  Hatchery  
  38  7:55  Drone x4  
  42  8:07  Hatchery, Drone  
  42  8:08  Drone x4  
  46  8:21  Drone x2  
  46  8:25  Zerg Ground Armor Level 1  
  46  8:26  Overlord  
  48  8:30  Centrifugal Hooks  
  48  8:32  Zergling x2  
  49  8:48  Hydralisk x4  
  49  8:49  Hydralisk x3  
  63  9:07  Drone x8  
  71  9:11  Queen  
  71  9:16  Muscular Augments  
  75  9:36  Spore Crawler  
  75  9:38  Spore Crawler  
  65  9:42  Zergling x30  
  62  10:07  Baneling x3  
  62  10:08  Baneling x22  
  50  10:29  Drone x8  
  50  10:30  Drone x2  
  60  10:54  Hatchery, Overlord x2  
  60  10:55  Hydralisk x3, Overlord  
  65  10:59  Zerg Missile Weapons Level 2  
  65  11:11  Hatchery  
  64  11:38  Hatchery  
  61  11:49  Zergling x2  
  61  11:50  Zergling x32  
  62  12:08  Zergling x14  
  69  12:16  Baneling x7  
  69  12:17  Baneling  
  69  12:18  Baneling  
  54  12:49  Zergling x22  
  54  12:50  Zergling x2  
  39  12:59  Zergling x4  
  28  13:23  Baneling x8  
Show
View Real Time Build Order
Export as new Build Order

MattBarry Zerg 

Build Orders: Hatch First 

Get SALT Encoding   

  12  0:01  Drone  
  13  0:11  Drone  
  14  0:17  Overlord  
  14  0:36  Drone x3  
  17  0:47  Drone  
  18  0:59  Hatchery  
  17  1:10  Spawning Pool  
  16  1:14  Extractor, Drone  
  16  1:25  Drone x2  
  16  1:30  Overlord  
  18  1:41  Drone  
  19  1:57  Drone  
  19  1:59  Queen  
  22  2:11  Extractor  
  22  2:14  Queen  
  23  2:17  Drone x3  
  26  2:30  Zergling x2  
  26  2:31  Zergling x2  
  28  2:38  Queen  
  28  2:43  Zergling x4  
  32  2:49  Queen  
  34  3:00  Drone x2  
  34  3:01  Overlord  
  36  3:06  Metabolic Boost  
  36  3:19  Drone x3  
  39  3:20  Overlord  
  39  3:21  Zergling x2  
  39  3:23  Zergling x2  
  39  3:25  Drone  
  42  3:51  Drone x8  
  50  3:55  Roach Warren  
  50  3:59  Lair  
  49  4:03  Drone x2  
  51  4:17  Drone  
  51  4:20  Extractor  
  51  4:22  Extractor, Overlord x2  
  51  4:23  Drone x2  
  52  4:30  Spore Crawler  
  51  4:32  Spore Crawler  
  51  4:34  Drone x2  
  51  4:36  Overlord  
  52  4:46  Queen  
  54  4:55  Drone x4  
  54  4:56  Drone x2  
  54  4:58  Overlord  
  60  5:09  Spire  
  59  5:23  Baneling Nest  
  57  5:34  Spore Crawler  
  56  5:39  Spore Crawler  
  56  5:41  Spore Crawler  
  54  5:45  Spore Crawler  
  54  5:47  Zergling x20  
  63  6:08  Drone x4  
  63  6:09  Drone  
  68  6:28  Hatchery  
  67  6:33  Centrifugal Hooks  
  67  6:40  Mutalisk  
  67  6:41  Mutalisk x6  
  79  7:04  Mutalisk  
  79  7:05  Mutalisk  
  79  7:07  Overlord x3  
  83  7:31  Mutalisk x9  
  101  7:46  Drone  
  101  7:47  Drone x6  
  108  7:56  Mutalisk x2  
  113  7:58  Drone  
  113  7:59  Drone  
  113  8:00  Overlord  
  113  8:03  Overlord x2  
  114  8:09  Extractor  
  113  8:13  Extractor  
  112  8:20  Drone x9  
  112  8:25  Overlord  
  121  8:27  Zerg Flyer Weapons Level 1  
  121  8:55  Mutalisk  
  121  8:56  Mutalisk x5  
  117  9:10  Mutalisk  
  117  9:12  Drone x4  
  117  9:13  Drone x2  
  125  9:20  Mutalisk  
  125  9:23  Overlord x2  
  127  9:50  Hatchery  
  126  9:56  Mutalisk, Overlord x2  
  126  9:57  Mutalisk x5  
  116  10:08  Zergling x6  
  103  10:28  Mutalisk  
  103  10:29  Mutalisk x4  
  103  10:31  Drone  
  103  10:32  Drone x2  
  103  10:33  Queen  
  118  10:51  Mutalisk x4  
  126  11:11  Zerg Flyer Armor Level 1  
  126  11:15  Infestation Pit  
  125  11:46  Mutalisk  
  125  11:47  Mutalisk x5  
  124  12:12  Corruptor x4, Overlord  
  126  12:20  Hydralisk Den  
  108  12:28  Zergling x2  
  108  12:29  Zergling x28  
  121  12:30  Zergling x24  
  81  13:14  Zergling x8  
  81  13:15  Zergling x32  
Show
View Real Time Build Order
Export as new Build Order

Aftermath Protoss 

Build Orders: Oracle Opening, Carriers 

Get SALT Encoding   

  12  0:00  Probe  
  13  0:12  Probe  
  14  0:17  Pylon  
  14  0:24  Probe  
  15  0:37  Gateway  
  15  0:38  Probe  
  16  0:46  Assimilator  
  16  0:50  Probe  
  16  0:54  Assimilator  
  17  1:06  Probe  
  18  1:18  Probe  
  19  1:25  Cybernetics Core  
  19  1:27  Pylon  
  19  1:30  Probe  
  20  1:42  Probe  
  21  1:54  Probe  
  22  2:03  Warp Gate  
  22  2:04  Stalker  
  24  2:09  Nexus  
  24  2:14  Probe  
  25  2:29  Stargate  
  25  2:33  Probe  
  26  2:40  Pylon  
  26  2:45  Probe  
  27  2:57  Probe  
  28  3:10  Oracle (Chrono Boost)  
  31  3:40  Stargate, Oracle  
  34  3:43  Probe x2 (Chrono Boost)  
  36  3:48  Assimilator  
  36  3:53  Pylon  
  36  3:55  Assimilator, Probe (Chrono Boost)  
  38  4:01  Probe (Chrono Boost)  
  38  4:08  Probe (Chrono Boost)  
  38  4:10  Probe  
  40  4:20  Probe  
  40  4:22  Probe  
  42  4:27  Pylon  
  42  4:28  Protoss Air Weapons Level 1  
  42  4:32  Probe  
  42  4:34  Probe  
  48  4:38  Void Ray  
  48  4:46  Probe x2  
  54  4:53  Void Ray  
  54  4:54  Pylon  
  54  4:58  Probe x2  
  56  5:02  Pylon  
  56  5:10  Probe x2  
  58  5:34  Probe x2  
  65  5:39  Void Ray x2  
  65  5:40  Pylon  
  65  5:43  Pylon  
  65  5:46  Pylon  
  65  6:00  Pylon  
  65  6:04  Stargate  
  65  6:05  Stargate  
  65  6:08  Pylon  
  69  6:22  Void Ray  
  73  6:33  Protoss Air Armor Level 1 (Chrono Boost)  
  73  6:35  Void Ray  
  73  6:43  Probe  
  78  6:54  Void Ray  
  78  7:09  Nexus  
  78  7:11  Fleet Beacon  
  78  7:12  Pylon  
  78  7:14  Pylon  
  78  7:18  Assimilator  
  78  7:23  Assimilator  
  78  7:29  Void Ray  
  82  7:43  Probe  
  82  7:44  Probe  
  84  7:57  Pylon  
  84  7:58  Probe x2  
  86  7:59  Pylon  
  94  8:08  Void Ray  
  94  8:09  Void Ray  
  94  8:25  Protoss Air Weapons Level 2 (Chrono Boost), Stargate  
  94  8:27  Stargate  
  94  8:28  Probe x2  
  94  8:34  Probe  
  86  9:17  Phoenix x4  
  94  9:40  Probe x2  
  112  9:50  Void Ray x3  
  112  9:51  Pylon, Void Ray, Flux Vanes  
  112  9:53  Stargate  
  112  9:55  Stargate  
  120  10:21  Void Ray x2  
  120  10:24  Probe x2  
  120  10:25  Probe  
  123  10:45  Nexus  
  123  10:49  Assimilator  
  123  10:53  Assimilator  
  123  10:56  Carrier x2  
  123  10:57  Pylon  
  135  11:04  Carrier  
  141  11:32  Probe x2  
  143  11:49  Probe x2  
  143  11:51  Carrier x2  
  146  12:15  Probe x2  
  148  12:22  Probe x2  
  150  12:26  Carrier x2  
  162  12:37  Probe x2  
  170  13:00  Probe x3  
  187  13:23  Probe x2  
Show
View Real Time Build Order
Export as new Build Order

OPPA Terran 

Build Orders:  

Get SALT Encoding   

  12  0:01  SCV  
  13  0:18  SCV  
  13  0:20  Supply Depot  
  14  0:30  SCV  
  15  0:42  SCV  
  16  0:46  Supply Depot  
  16  0:54  SCV  
  17  0:57  Barracks  
  17  1:06  SCV  
  18  1:17  Refinery  
  18  1:18  SCV  
  19  1:29  Barracks  
  19  1:30  SCV  
  20  1:42  SCV  
  20  1:44  Marine  
  22  1:54  SCV  
  22  1:57  Supply Depot  
  23  2:02  Marine  
  23  2:06  SCV  
  25  2:19  Barracks  
  25  2:20  Marine x2  
  27  2:28  SCV  
  28  2:38  Marine x2  
  28  2:43  Engineering Bay  
  30  2:49  SCV  
  31  2:56  Marine  
  31  3:01  SCV  
  32  3:08  Marine  
  32  3:09  Marine  
  34  3:14  Marine  
  34  3:19  Terran Infantry Weapons Level 1  
  35  3:25  Marine  
  36  3:27  Marine, SCV  
  36  3:31  Marine  
  39  3:45  Supply Depot  
  39  3:47  Supply Depot  
  39  3:55  Barracks  
  39  4:06  Marine x2  
  39  4:07  SCV  
  42  4:12  Supply Depot  
  42  4:19  SCV  
  42  4:21  Command Center  
  43  4:31  Marine x2, SCV  
  44  4:32  Marine  
  47  4:43  SCV  
  48  4:49  Marine x2  
  48  4:50  Marine  
  51  4:55  SCV  
  51  4:56  Ghost Academy  
  52  5:01  Marine  
  52  5:06  Marine  
  54  5:07  Marine  
  54  5:08  Marine  
  54  5:11  SCV  
  54  5:14  Terran Infantry Armor Level 1  
  57  5:23  SCV  
  58  5:31  Marine  
  58  5:32  Marine  
  58  5:34  Marine x2  
  63  5:35  SCV  
  63  5:47  SCV  
  63  5:49  Marine  
  65  5:50  Marine  
  65  5:52  Marine x2  
  68  6:02  SCV  
  69  6:07  Marine  
  69  6:08  Marine  
  69  6:09  Marine  
  69  6:10  Marine  
  73  6:21  SCV  
  73  6:24  Marine  
  75  6:25  Marine  
  75  6:27  Marine  
  75  6:28  Marine  
  78  6:50  Marine, SCV  
  78  6:52  Marine x2  
  78  6:53  Marine  
  65  7:08  Marine  
  65  7:10  Marine x2  
  65  7:11  Marine, SCV  
  70  7:23  SCV  
  70  7:26  Marine  
  75  7:30  Refinery  
  75  7:32  Neosteel Armor  
  72  7:48  Barracks Tech Lab  
  72  7:53  Barracks Tech Lab x2  
  72  7:56  Barracks Tech Lab  
  72  7:58  Orbital Command  
  72  8:19  Marine  
  73  8:20  Marine x2  
  73  8:21  Marine  
  76  8:36  Marine  
  58  9:23  Marine x2  
  58  9:24  Marine x2  
  60  9:26  Combat Shield  
  60  9:28  Stimpack  
  60  9:30  Concussive Shells  
  62  10:01  Marine x3  
  62  10:02  Marine  
  66  10:23  SCV  
  66  10:25  Hi-Sec Auto Tracking  
  66  10:27  Marine  
  66  10:28  Marine  
  68  10:29  Marine  
  68  10:31  Marine  
  72  10:35  SCV  
  72  10:45  Marine  
  72  10:46  Marine  
  72  10:47  Marine, SCV  
  72  10:49  Marine  
  77  10:59  SCV  
  78  11:12  Supply Depot  
  78  11:33  Marine x4  
  78  11:34  SCV  
  83  11:45  Factory  
  83  11:51  Marine x3  
  86  12:01  Marine  
  83  12:09  Marine x3  
  86  12:33  Supply Depot  
  86  12:37  Supply Depot  
  86  12:40  Factory Tech Lab  
  86  12:54  Marine x4  
  86  12:55  SCV  
  91  13:07  SCV  
  91  13:12  Marine x4  
  96  13:19  SCV  
  97  13:24  Starport  
Show
View Real Time Build Order
Export as new Build Order

HomelessHero Terran 

Build Orders:  

Get SALT Encoding   

  12  0:00  SCV  
  13  0:12  SCV  
  14  0:17  Supply Depot  
  14  0:24  SCV  
  15  0:38  SCV  
  15  0:41  Barracks  
  16  0:50  SCV  
  17  1:02  SCV  
  18  1:15  SCV  
  19  1:20  Command Center  
  19  1:23  Refinery  
  19  1:31  Orbital Command  
  19  1:35  Marine  
  20  1:43  Supply Depot  
  20  1:53  Marine  
  21  1:58  SCV  
  22  2:08  Barracks  
  22  2:09  Refinery  
  22  2:10  SCV  
  23  2:18  Marine  
  24  2:26  Barracks  
  24  2:28  SCV  
  25  2:32  Orbital Command  
  25  2:40  Barracks Tech Lab  
  25  2:54  SCV  
  25  2:56  Marine  
  27  2:59  Factory  
  27  3:00  Marine  
  27  3:02  Stimpack  
  28  3:11  SCV  
  28  3:12  SCV  
  30  3:14  Marine  
  30  3:17  Marine  
  30  3:18  Marine  
  33  3:23  SCV  
  33  3:24  SCV  
  35  3:28  Supply Depot  
  35  3:32  Marine  
  36  3:35  Marine x2  
  36  3:36  SCV x2  
  40  3:44  Factory Reactor, Starport  
  40  3:48  SCV  
  40  3:49  SCV  
  40  3:50  Marine  
  40  3:51  Refinery  
  40  3:53  Marine x2  
  45  3:56  Supply Depot  
  45  3:59  Supply Depot  
  45  4:02  SCV x2  
  47  4:07  Marine  
  48  4:10  Marine  
  48  4:11  Marine  
  48  4:14  SCV x2  
  52  4:18  Refinery  
  52  4:20  Engineering Bay  
  52  4:21  Engineering Bay  
  52  4:26  Marine  
  52  4:28  Marine, Medivac  
  52  4:29  Factory Tech Lab, Medivac  
  58  4:33  Supply Depot  
  58  4:34  SCV x2  
  60  4:41  Supply Depot  
  60  4:43  Supply Depot  
  60  4:44  Supply Depot, Marine x2  
  62  4:47  Combat Shield  
  62  4:53  SCV x2  
  62  4:57  Siege Tank  
  67  5:11  Marine x2  
  67  5:12  Marine  
  67  5:13  Medivac  
  72  5:29  Marine, Siege Tank  
  76  5:40  Marine x2  
  76  5:41  Medivac  
  80  5:43  Medivac  
  80  5:46  Terran Infantry Armor Level 1, Terran Infantry Weapons Level 1  
  80  5:47  Marine  
  82  5:56  SCV x2  
  83  5:57  Marine  
  83  5:58  Marine  
  83  6:01  Command Center  
  85  6:05  Supply Depot  
  85  6:07  Supply Depot, Marine  
  85  6:08  Armory, SCV  
  87  6:15  Marine x2  
  89  6:25  Marine  
  89  6:29  SCV x2  
  92  6:33  Marine x2  
  94  6:41  Barracks, SCV x2  
  94  6:42  Barracks x2  
  94  6:44  Factory  
  94  6:45  Supply Depot  
  96  6:47  Supply Depot  
  96  6:51  Marine x2  
  96  6:52  Marine  
  99  7:01  Medivac, Siege Tank  
  102  7:02  Medivac  
  102  7:06  SCV x2  
  108  7:09  Marine  
  109  7:20  Terran Vehicle Weapons Level 1  
  109  7:24  Marine x2  
  109  7:27  Marine  
  109  7:29  Factory Tech Lab  
  112  7:30  Marine x3  
  112  7:31  Medivac x2  
  112  7:33  Siege Tank  
  112  7:34  Sensor Tower  
  122  7:40  SCV x2  
  122  7:42  Marine x2  
  126  7:45  Marine  
  126  7:47  Orbital Command  
  126  7:48  Marine x3  
  130  7:52  SCV x2  
  132  8:04  Marine x3, SCV x2  
  137  8:06  Marine x3, Siege Tank x2  
  137  8:10  Terran Infantry Weapons Level 2  
  146  8:16  SCV  
  146  8:18  Terran Infantry Armor Level 2  
  147  8:21  Marine x2  
  147  8:22  Refinery  
  147  8:23  Refinery  
  147  8:26  Command Center  
  139  9:03  Marine x2, Siege Tank x2  
  139  9:04  Marine x2  
  149  9:15  Marine  
  149  9:16  Marine  
  149  9:23  Marine x4, SCV x2  
  149  9:24  Supply Depot x2  
  155  9:25  Supply Depot  
  155  9:33  Marine  
  155  9:34  Marine  
  157  9:49  Marine x4  
  157  9:51  Marine, Medivac x2, Siege Tank x2  
  157  9:52  Marine  
  154  10:07  Marine x4  
  158  10:23  Siege Tank x2  
  158  10:27  Marine x6  
  140  10:30  Medivac  
  142  10:40  SCV x3  
  145  10:44  Marine  
  145  10:45  Marine x5  
  145  10:46  Orbital Command  
  145  10:48  Sensor Tower  
  151  10:51  Missile Turret  
  151  10:52  SCV x2  
  151  10:53  Missile Turret  
  151  10:54  Missile Turret x3, SCV  
  151  10:55  Siege Tank x2  
  160  10:58  Medivac  
  160  11:02  Marine x3  
  160  11:03  Marine x3  
  168  11:20  Marine x4  
  168  11:21  Marine  
  173  11:32  Marine  
  174  11:34  Siege Tank x2  
  174  11:38  Marine x5  
  185  11:49  Marine  
  184  11:56  Marine x4  
  182  12:04  Orbital Command  
  179  12:31  Marine x5  
  179  12:32  Marine  
  185  12:39  Siege Tank x2  
  185  12:40  Medivac x2  
  195  12:49  Marine x5  
  187  13:03  Marine  
  180  13:07  Marine x5  
  180  13:10  Medivac x2  
  191  13:21  Marine  
Tags
 
Add a new tag
Caveats
  • Supply blocks, unpowered buildings, or Contaminate may cause inaccurate times.
  • Supply counts are checked every 10 seconds.